AoeStats
← B-77

Arabia

509451367Analyzed
3v3 RM · 5d ago on Sep 26, 2026· 39m 57s· 6 players
Game mode
Random Map
Map size
Normal (6 player)
Population
200
Speed
Normal
Resources
Standard
Victory
Conquest
Starting age
Dark Age
Ending age
Imperial Age
RankedLock teamsTeams togetherTeam positionsShared explorationLock speedFull tech treeHidden civsTurbo modeCheats
Victory
Defeat
🇳🇱 Franks · Netherlands
962
+14
🇳🇱 Varangians · Netherlands
927
+15
🇳🇱 Goths · Netherlands
774
+21
🇧🇷 Gurjaras · Brazil
978
-20
🇨🇳 Armenians · China
871
-15
🇫🇷 Inca · France
855
-15
BleakAftershock
10:06 Feudal Age
10:38 Double-Bit Axe
18:06 Loom
21:47 Castle Age
24:35 Wheelbarrow
24:08 Gold Mining
24:13 Stone Mining
24:29 Husbandry
25:04 Bow Saw
30:32 Gold Shaft Mining
31:18 Forging
31:13 Scale Barding Armor
31:42 Hand Cart
34:02 Imperial Age
38:56 Elite Throwing Axeman
eXo Leech
4:06 Loom
13:08 Feudal Age
14:30 Double-Bit Axe
16:59 Man-at-Arms
20:00 Horse Collar
23:11 Castle Age
22:39 Forging
23:12 Scale Mail Armor
24:30 Padded Archer Armor
25:07 Iron Casting
29:18 Fletching
30:22 Leather Archer Armor
30:33 Heavy Plow
32:26 Wheelbarrow
37:36 Anarchy
39:35 Gold Mining
eXo BlackOut
5:15 Loom
10:21 Feudal Age
11:36 Double-Bit Axe
14:00 Bloodlines
22:30 Castle Age
20:38 Stone Mining
20:32 Horse Collar
20:21 Man-at-Arms
22:14 Forging
23:56 Bow Saw
24:28 Iron Casting
26:01 Husbandry
27:06 Squires
26:53 Arson
27:34 Scale Mail Armor
30:18 Wheelbarrow
32:02 Chain Mail Armor
33:06 Gold Mining
33:20 Fletching
33:55 Heavy Plow
37:14 Hand Cart
36:46 Town Watch
B-77
14:32 Feudal Age
16:14 Horse Collar
16:24 Double-Bit Axe
18:20 Wheelbarrow
24:00 Castle Age
25:37 Heavy Plow
25:50 Bow Saw
25:33 Gold Mining
25:40 Stone Mining
26:35 Squires
26:26 Gambesons
27:35 Pikeman
28:33 Halberdier
31:40 Scale Mail Armor
31:51 Forging
41:27 Imperial Age
yandjin.xyz
0:35 Loom
10:32 Feudal Age
12:19 Wheelbarrow
13:33 Wheelbarrow
12:47 Double-Bit Axe
15:26 Horse Collar
17:34 Forging
17:01 Champi Runner
19:33 Scale Mail Armor
26:54 Castle Age
25:08 Arson
25:46 Stone Mining
25:48 Gold Mining
27:51 Champi Warrior
28:31 Squires
29:09 Iron Casting
28:49 Chain Mail Armor
28:54 Hand Cart
29:46 Heavy Plow
29:57 Bow Saw
牢大
Connection lost

Rejoining the realm…

Still unreachable

The connection could not be restored.

Session expired

The server has moved on; the page needs a fresh start.